Coyotes vs Blues
(R2)
Created - May 10, 2018 at 19:06
Goals
|
Coyotes |
0 |
1 |
2 |
3 |
Blues |
1 |
2 |
2 |
5 |
|
Shots
|
Coyotes |
11 |
14 |
12 |
37 |
Blues |
11 |
12 |
9 |
32 |
|
1st period
1. Blues , Nicklas Backstrom 4 (Jason Pominville 3) at 18:47
Penalties :
Yann Sauvé (STL) for Cross-checking (Minor) at 1:57, Jason Pominville (STL) for Hooking (Minor) at 16:28
2nd period
2. Blues , Nicklas Backstrom 5 (Jason Pominville 4) at 0:17
3. Coyotes , Jarome Iginla 5 (Anton Stralman 5, Nazem Kadri 5) at 4:47
4. Blues , Nicklas Backstrom 6 (Milan Michalek 4) at 4:51
Penalties :
Jake Gardiner (STL) for Hooking (Minor) at 14:01
3rd period
5. Blues , Jake Gardiner 1 (Nicklas Backstrom 2) at 0:04
6. Coyotes , Brad Richards 3 (Kristopher Letang 5, Anton Stralman 6) at 9:24 (PP)
7. Coyotes , Nick Bonino 1 (Greg Zanon 1) at 10:15
8. Blues , Derek Boogaard 2 (Jake Gardiner 3, B.J. Crombeen 2) at 10:52
Penalties :
Tyler Ennis (Ari) for Holding (Minor) at 2:59, Jason Pominville (STL) for Kneeing (Minor) at 7:05, Jake Gardiner (STL) for Holding (Minor) at 7:54, Linus Omark (STL) for Close Hand On Puck (Minor) at 15:46, Linus Omark (STL) for High sticking (Minor) at 17:51
Goalie Stats
Cam Ward (Ari), 27 saves from 32 shots - (0.844), L, 0-2-0, 60:00 minutes
Carey Price (STL), 34 saves from 37 shots - (0.919), W, 3-2-0, 60:00 minutes
Players Stats for Coyotes
Player Name G A P +/- PIM S H SB GA TA FO MP PP MP PK MP
------------------------------------------------------------------------------------
Anton Stralman 0 2 2 0 0 3 3 0 0 3 0/0 25:57 7:28 0:40
Brad Richards 1 0 1 -2 0 3 2 0 0 2 9/25 22:08 6:53 0:32
Brooks Laich 0 0 0 0 0 2 0 0 0 0 2/3 11:34 0:00 1:17
Chris Stewart 0 0 0 0 0 1 2 0 1 1 0/0 10:46 0:27 0:00
Enver Lisin 0 0 0 0 0 4 2 0 1 0 0/0 8:54 0:01 0:00
Greg Zanon 0 1 1 0 0 1 4 0 0 0 0/0 12:28 0:00 1:19
Jarome Iginla 1 0 1 -1 0 1 0 1 0 0 0/0 17:27 4:59 0:36
Josh Gorges 0 0 0 -2 0 1 0 0 0 0 0/0 21:26 4:46 1:19
Kristopher Letang 0 1 1 -1 0 1 1 1 0 0 0/0 27:25 7:28 0:40
Marian Gaborik 0 0 0 -2 0 2 2 0 1 1 1/1 21:38 6:57 0:00
Mark Bell 0 0 0 0 0 2 2 0 1 0 0/0 9:04 0:11 0:00
Martin Samuelsson 0 0 0 0 0 3 0 0 0 0 0/0 11:33 0:00 1:08
Matt Niskanen 0 0 0 0 0 0 2 0 0 2 0/0 11:09 0:00 0:00
Michael Del Zotto 0 0 0 -3 0 2 2 2 0 0 0/0 21:35 4:46 0:00
Nazem Kadri 0 1 1 -1 0 1 4 0 0 1 5/13 17:04 5:10 0:00
Nick Bonino 1 0 1 0 0 3 0 0 0 0 1/4 8:44 0:00 0:00
Tyler Ennis 0 0 0 -1 2 3 2 1 1 0 0/1 17:05 5:10 0:00
Zach Parise 0 0 0 -2 0 4 3 1 0 0 3/5 22:03 6:54 0:25
Players Stats for Blues
Player Name G A P +/- PIM S H SB GA TA FO MP PP MP PK MP
------------------------------------------------------------------------------------
Alex Pietrangelo 0 0 0 -1 0 1 3 2 2 2 0/0 26:22 0:53 6:17
B.J. Crombeen 0 1 1 1 0 0 1 0 0 0 0/0 13:26 0:58 0:00
Bryce Lampman 0 0 0 -1 0 4 0 3 0 0 0/0 26:31 1:06 6:53
Christian Ehrhoff 0 0 0 1 0 0 0 0 0 0 0/0 10:31 0:00 0:10
Derek Boogaard 1 0 1 1 0 4 2 0 0 0 1/1 15:18 1:01 1:35
Jake Gardiner 1 1 2 3 4 1 0 2 2 1 0/0 21:51 0:53 4:13
Jason Pominville 0 2 2 3 4 1 0 2 1 0 2/3 20:12 1:01 2:55
Linus Omark 0 0 0 0 4 2 0 0 1 0 0/0 10:12 0:00 0:00
Logan Couture 0 0 0 0 0 3 1 1 1 0 2/4 13:46 0:00 3:40
Marcel Hossa 0 0 0 -1 0 0 0 0 0 0 0/0 6:40 0:00 0:00
Milan Michalek 0 1 1 3 0 1 2 0 0 0 0/1 17:01 0:58 0:00
Nicklas Backstrom 3 1 4 3 0 6 3 0 0 0 15/22 19:59 1:01 2:46
Patrick Kaleta 0 0 0 -1 0 3 1 1 0 1 1/1 12:29 0:00 5:33
Sergei Shirokov 0 0 0 0 0 2 3 0 1 0 0/0 10:06 0:00 0:00
Tomas Plekanec 0 0 0 -1 0 0 0 0 0 0 1/1 6:56 0:00 0:16
Travis Zajac 0 0 0 1 0 4 2 0 2 0 9/19 20:20 0:58 6:33
Victor Hedman 0 0 0 2 0 0 2 0 0 0 0/0 16:47 1:06 2:02
Yann Sauvé 0 0 0 2 2 0 0 1 0 1 0/0 18:02 0:00 4:52
3 Stars
1 - Nicklas Backstrom (STL)
2 - Jake Gardiner (STL)
3 - Derek Boogaard (STL)
Power Play
Coyotes - 1 on 7 Attempt(s) - 14.29%
Blues - 0 on 1 Attempt(s) - 0.00%
Penalty Kill
Coyotes - 1 on 1 Attempt(s) - 100.00%
- Score 0 goal in Penalty Kill
Blues - 6 on 7 Attempt(s) - 85.71%
- Score 0 goal in Penalty Kill
Team Stat
Coyotes - Hits : 31 - Faceoff Wins : 21 - Blocked Shots : 6 - Penalty Minutes : 2
Blues - Hits : 20 - Faceoff Wins : 31 - Blocked Shots : 12 - Penalty Minutes : 14
Official
Referees : Hebert Ghislain and StPierre Justin
Linesman : Shane Heyer and Bryan Pancich
Game Notes
Nicklas Backstrom has scored a Hat Trick!
Finance
Level 1 -- Attendance: 6000 (100.00%) -- Ticket Income $534,000
Level 2 -- Attendance: 5000 (100.00%) -- Ticket Income $285,000
Level 3 -- Attendance: 2000 (100.00%) -- Ticket Income $70,000
Level 4 -- Attendance: 4000 (100.00%) -- Ticket Income $96,000
Luxury Box -- Attendance: 909 (90.90%) -- Ticket Income $158,166
Game was played at the Scotttrade center.
Total Attendance: 17909 (99.49%)
Total Ticket Income: $1,143,166
Other Income: $171,475
Total Income: $1,314,641
Coyotes
5 vs 5 Forward
Center Left Wing Right Wing Time % Phy DF OF
1 Brad Richards Zach Parise Marian Gaborik 40 0 2 3
2 Nazem Kadri Tyler Ennis Jarome Iginla 34 0 2 3
3 Brooks Laich Martin Samuelsson Chris Stewart 16 0 3 2
4 Nick Bonino Mark Bell Enver Lisin 10 0 3 2
5 vs 5 Defense
Defense Defense Time % Phy DF OF
1 Kristopher Letang Anton Stralman 40 0 3 2
2 Josh Gorges Michael Del Zotto 30 0 3 2
3 Greg Zanon Matt Niskanen 20 0 3 2
4 Kristopher Letang Michael Del Zotto 10 0 3 2
PowerPlay Forward
Center Left Wing Right Wing Time % Phy DF OF
1 Brad Richards Zach Parise Marian Gaborik 60 0 1 3
2 Nazem Kadri Tyler Ennis Jarome Iginla 40 0 1 4
PowerPlay Defense
Defense Defense Time % Phy DF OF
1 Kristopher Letang Anton Stralman 60 0 2 3
2 Josh Gorges Michael Del Zotto 40 0 2 3
Penalty Kill 4 Players Forward
Center Wing Time % Phy DF OF
1 Brooks Laich Martin Samuelsson 60 1 3 1
2 Brad Richards Zach Parise 40 1 3 1
Penalty Kill 4 Players Defense
Defense Defense Time % Phy DF OF
1 Greg Zanon Josh Gorges 60 1 4 0
2 Anton Stralman Kristopher Letang 40 1 4 0
Penalty Kill - 3 Players Forward
Forward Time % Phy DF OF
1 Zach Parise 60 1 3 1
2 Jarome Iginla 40 1 3 1
Penalty Kill - 3 Players Defense
Defense Defense Time % Phy DF OF
1 Kristopher Letang Josh Gorges 60 1 4 0
2 Anton Stralman Greg Zanon 40 1 4 0
4 vs 4 Forward
Center Wing Time % Phy DF OF
1 Brad Richards Marian Gaborik 60 0 2 3
2 Jarome Iginla Tyler Ennis 40 0 2 3
4 vs 4 Defense
Defense Defense Time % Phy DF OF
1 Kristopher Letang Anton Stralman 60 0 3 2
2 Josh Gorges Greg Zanon 40 0 3 2
Last Minutes Offensive
Center Left Wing Right Wing Defense Defense
Brad Richards Zach Parise Marian Gaborik Kristopher Letang Michael Del Zotto
Last Minutes Defensive
Center Left Wing Right Wing Defense Defense
Brad Richards Zach Parise Jarome Iginla Greg Zanon Anton Stralman
Goaltenders
Starting : Cam Ward
Backup : Maxime Daigneault
Extra Forwards
Normal : Chris Stewart, Mark Bell, Martin Samuelsson - PP : Chris Stewart, Mark Bell - PK : Jarome Iginla
Extra Defensemen
Normal : Michael Del Zotto, Greg Zanon, Matt Niskanen - PP : Matt Niskanen - PK : Michael Del Zotto, Matt Niskanen
Penalty Shots
Tyler Ennis, Marian Gaborik, Zach Parise, Jarome Iginla, Brad Richards
Scratches
Maxim Talbot (Concussion Injury)
Blues
5 vs 5 Forward
Center Left Wing Right Wing Time % Phy DF OF
1 Nicklas Backstrom Milan Michalek Jason Pominville 40 1 2 2
2 Travis Zajac Derek Boogaard B.J. Crombeen 30 1 2 2
3 Logan Couture Linus Omark Sergei Shirokov 20 1 2 2
4 Tomas Plekanec Marcel Hossa Patrick Kaleta 10 1 2 2
5 vs 5 Defense
Defense Defense Time % Phy DF OF
1 Alex Pietrangelo Bryce Lampman 40 1 2 2
2 Jake Gardiner Victor Hedman 30 1 2 2
3 Christian Ehrhoff Yann Sauvé 20 1 2 2
4 Jake Gardiner Yann Sauvé 10 1 2 2
PowerPlay Forward
Center Left Wing Right Wing Time % Phy DF OF
1 Nicklas Backstrom Derek Boogaard Jason Pominville 60 1 2 2
2 Travis Zajac Milan Michalek B.J. Crombeen 40 1 2 2
PowerPlay Defense
Defense Defense Time % Phy DF OF
1 Jake Gardiner Alex Pietrangelo 60 1 2 2
2 Victor Hedman Bryce Lampman 40 1 2 2
Penalty Kill 4 Players Forward
Center Wing Time % Phy DF OF
1 Travis Zajac Patrick Kaleta 60 1 2 2
2 Logan Couture Jason Pominville 40 1 2 2
Penalty Kill 4 Players Defense
Defense Defense Time % Phy DF OF
1 Alex Pietrangelo Bryce Lampman 60 1 2 2
2 Yann Sauvé Jake Gardiner 40 1 2 2
Penalty Kill - 3 Players Forward
Forward Time % Phy DF OF
1 Travis Zajac 60 1 2 2
2 Tomas Plekanec 40 1 2 2
Penalty Kill - 3 Players Defense
Defense Defense Time % Phy DF OF
1 Bryce Lampman Yann Sauvé 60 1 2 2
2 Alex Pietrangelo Jake Gardiner 40 1 2 2
4 vs 4 Forward
Center Wing Time % Phy DF OF
1 Travis Zajac Sergei Shirokov 60 1 2 2
2 Nicklas Backstrom Linus Omark 40 1 2 2
4 vs 4 Defense
Defense Defense Time % Phy DF OF
1 Victor Hedman Alex Pietrangelo 60 1 2 2
2 Bryce Lampman Jake Gardiner 40 1 2 2
Last Minutes Offensive
Center Left Wing Right Wing Defense Defense
Nicklas Backstrom Milan Michalek Jason Pominville Jake Gardiner Alex Pietrangelo
Last Minutes Defensive
Center Left Wing Right Wing Defense Defense
Travis Zajac Milan Michalek Patrick Kaleta Bryce Lampman Yann Sauvé
Goaltenders
Starting : Carey Price
Backup : Ray Emery
Extra Forwards
Normal : Patrick Kaleta, Logan Couture, Marcel Hossa - PP : Sergei Shirokov, Tomas Plekanec - PK : Nicklas Backstrom
Extra Defensemen
Normal : Jake Gardiner, Yann Sauvé, Victor Hedman - PP : Christian Ehrhoff - PK : Alex Pietrangelo, Victor Hedman
Penalty Shots
Marcel Hossa, Logan Couture, Nicklas Backstrom, Sergei Shirokov, Travis Zajac
Scratches
David Perron (Broken Bone (Left Foot) Injury), Rickard Wallin (Healthy)
% Time on Ice - Coyotes
Lines # - Real PCT - Wanted PCT - Time Play
Normal Forward
1 - 32% - 40% - 14:52
2 - 26% - 34% - 11:54
3 - 22% - 16% - 10:17
4 - 19% - 10% - 8:44
Normal Defense
1 - 38% - 40% - 17:28
2 - 34% - 30% - 15:42
3 - 24% - 20% - 11:09
4 - 3% - 10% - 1:28
PP Forward
1 - 58% - 60% - 7:04
2 - 42% - 40% - 5:10
PP Defense
1 - 61% - 60% - 7:28
2 - 39% - 40% - 4:46
PK Forward
1 - 79% - 60% - 1:34
2 - 21% - 40% - 0:25
PK Defense
1 - 66% - 60% - 1:19
2 - 34% - 40% - 0:40
PK3 Forward
1 - 0% - 60%
2 - 0% - 40%
PK3 Defense
1 - 0% - 60%
2 - 0% - 40%
44 Forward
1 - 0% - 60%
2 - 0% - 40%
44 Defense
1 - 0% - 60%
2 - 0% - 40%
Last Minute Offensive - 0:00
Last Minute Defensive - 0:00
Total
Forward - 60:00
Defense - 60:00
|
% Time on Ice - Blues
Lines # - Real PCT - Wanted PCT - Time Play
Normal Forward
1 - 36% - 40% - 16:33
2 - 27% - 30% - 12:28
3 - 22% - 20% - 10:06
4 - 15% - 10% - 6:40
Normal Defense
1 - 42% - 40% - 19:12
2 - 30% - 30% - 13:48
3 - 22% - 20% - 10:01
4 - 6% - 10% - 2:46
PP Forward
1 - 51% - 60% - 1:01
2 - 49% - 40% - 0:58
PP Defense
1 - 45% - 60% - 0:53
2 - 55% - 40% - 1:06
PK Forward
1 - 67% - 60% - 7:24
2 - 33% - 40% - 3:40
PK Defense
1 - 51% - 60% - 5:37
2 - 49% - 40% - 5:27
PK3 Forward
1 - 77% - 60% - 0:54
2 - 23% - 40% - 0:16
PK3 Defense
1 - 71% - 60% - 0:50
2 - 29% - 40% - 0:20
44 Forward
1 - 0% - 60%
2 - 0% - 40%
44 Defense
1 - 0% - 60%
2 - 0% - 40%
Last Minute Offensive - 0:00
Last Minute Defensive - 0:00
Total
Forward - 60:00
Defense - 60:00
|
Play by Play
1st period
0:01 of 1st period - Zach Parise wins face-off versus Nicklas Backstrom in neutral zone.
0:16 of 1st period - Alex Pietrangelo is hit by Anton Stralman and loses puck.
1:23 of 1st period - Snap shot by Mark Bell.
1:23 of 1st period - Stopped by Carey Price with a rebound.
1:25 of 1st period - Snap shot by Michael Del Zotto.
1:25 of 1st period - Deflect By Jake Gardiner.
1:25 of 1st period - Stopped by Carey Price with a rebound.
1:27 of 1st period - Snap shot by Nick Bonino.
1:27 of 1st period - Stopped by Carey Price with a rebound.
1:29 of 1st period - Wrist shot by Michael Del Zotto.
1:29 of 1st period - Shot Blocked by Jake Gardiner.
1:41 of 1st period - Wrist shot by Marian Gaborik.
1:41 of 1st period - Stopped by Carey Price without a rebound.
1:42 of 1st period - Nicklas Backstrom wins face-off versus Brad Richards in Blues zone.
1:55 of 1st period - Slapshot by Brad Richards.
1:55 of 1st period - Shot Hit the Post.
1:57 of 1st period - Minor Penalty to Yann Sauvé for Cross-checking.
1:58 of 1st period - Marian Gaborik wins face-off versus Travis Zajac in Blues zone.
2:15 of 1st period - Wrist shot by Marian Gaborik.
2:15 of 1st period - Stopped by Carey Price with a rebound.
3:57 of 1st period - Penalty to Yann Sauvé is over, Yann Sauvé is back on ice.
4:31 of 1st period - Christian Ehrhoff is hit by Enver Lisin and loses puck.
5:28 of 1st period - B.J. Crombeen is hit by Michael Del Zotto and loses puck.
6:20 of 1st period - Slapshot by Alex Pietrangelo.
6:20 of 1st period - Deflect By Linus Omark.
6:20 of 1st period - Stopped by Cam Ward with a rebound.
6:22 of 1st period - Snap shot by Sergei Shirokov.
6:22 of 1st period - Stopped by Cam Ward with a rebound.
6:36 of 1st period - Snap shot by Travis Zajac.
6:36 of 1st period - Stopped by Cam Ward without a rebound.
6:37 of 1st period - Nazem Kadri wins face-off versus Travis Zajac in Coyotes zone.
7:56 of 1st period - Victor Hedman is hit by Chris Stewart and loses puck.
8:11 of 1st period - Snap shot by Brooks Laich.
8:11 of 1st period - Shot Blocked by Bryce Lampman.
8:25 of 1st period - Josh Gorges is hit by Alex Pietrangelo and loses puck.
9:00 of 1st period - Snap shot by Chris Stewart.
9:00 of 1st period - Shot Misses the Net.
9:02 of 1st period - Slapshot by Josh Gorges.
9:02 of 1st period - Shot Blocked by Yann Sauvé.
9:04 of 1st period - Wrist shot by Brooks Laich.
9:04 of 1st period - Stopped by Carey Price without a rebound.
9:05 of 1st period - Zach Parise wins face-off versus Travis Zajac in Blues zone.
9:16 of 1st period - Wrist shot by Zach Parise.
9:16 of 1st period - Stopped by Carey Price with a rebound.
9:30 of 1st period - Alex Pietrangelo is hit by Nazem Kadri and loses puck.
9:38 of 1st period - Icing by Bryce Lampman.
9:39 of 1st period - Logan Couture wins face-off versus Nazem Kadri in Blues zone.
10:07 of 1st period - Off-side.
10:08 of 1st period - Travis Zajac wins face-off versus Brad Richards in neutral zone.
10:19 of 1st period - Travis Zajac is hit by Zach Parise and loses puck.
10:56 of 1st period - Wrist shot by Mark Bell.
10:56 of 1st period - Stopped by Carey Price with a rebound.
11:22 of 1st period - Wrist shot by Enver Lisin.
11:22 of 1st period - Stopped by Carey Price without a rebound.
11:23 of 1st period - Tomas Plekanec wins face-off versus Nazem Kadri in Blues zone.
11:36 of 1st period - Slapshot by Patrick Kaleta.
11:36 of 1st period - Shot Blocked by Jarome Iginla.
11:38 of 1st period - Slapshot by Bryce Lampman.
11:38 of 1st period - Stopped by Cam Ward without a rebound.
11:39 of 1st period - Travis Zajac wins face-off versus Brad Richards in Coyotes zone.
11:42 of 1st period - Wrist shot by Travis Zajac.
11:42 of 1st period - Stopped by Cam Ward with a rebound.
12:27 of 1st period - Logan Couture is hit by Greg Zanon and loses puck.
12:55 of 1st period - Snap shot by Chris Stewart.
12:55 of 1st period - Shot Misses the Net.
12:57 of 1st period - Wrist shot by Martin Samuelsson.
12:57 of 1st period - Shot Misses the Net.
13:07 of 1st period - Marcel Hossa is hit by Anton Stralman and loses puck.
13:17 of 1st period - Icing by Anton Stralman.
13:18 of 1st period - Derek Boogaard wins face-off versus Nazem Kadri in Coyotes zone.
13:53 of 1st period - Snap shot by Tyler Ennis.
13:53 of 1st period - Shot Blocked by Logan Couture.
14:07 of 1st period - Snap shot by Zach Parise.
14:07 of 1st period - Shot Misses the Net.
14:09 of 1st period - Wrist shot by Brad Richards.
14:09 of 1st period - Shot Misses the Net.
14:11 of 1st period - Wrist shot by Brad Richards.
14:11 of 1st period - Shot Misses the Net.
14:13 of 1st period - Slapshot by Marian Gaborik.
14:13 of 1st period - Shot Blocked by Jason Pominville.
14:15 of 1st period - Snap shot by Brad Richards.
14:15 of 1st period - Stopped by Carey Price with a rebound.
14:54 of 1st period - Slapshot by Victor Hedman.
14:54 of 1st period - Shot Misses the Net.
15:12 of 1st period - Chris Stewart is hit by Derek Boogaard and loses puck.
15:42 of 1st period - Slapshot by Martin Samuelsson.
15:42 of 1st period - Shot Misses the Net.
15:52 of 1st period - Slapshot by Travis Zajac.
15:52 of 1st period - Stopped by Cam Ward without a rebound.
15:53 of 1st period - Nicklas Backstrom wins face-off versus Brad Richards in Coyotes zone.
15:59 of 1st period - Off-side.
16:00 of 1st period - Nicklas Backstrom wins face-off versus Brad Richards in neutral zone.
16:28 of 1st period - Minor Penalty to Jason Pominville for Hooking.
16:29 of 1st period - Brad Richards wins face-off versus Travis Zajac in Blues zone.
17:38 of 1st period - Icing by Nazem Kadri.
17:39 of 1st period - Logan Couture wins face-off versus Nazem Kadri in Coyotes zone.
17:40 of 1st period - Snap shot by Derek Boogaard.
17:40 of 1st period - Stopped by Cam Ward with a rebound.
18:28 of 1st period - Penalty to Jason Pominville is over, Jason Pominville is back on ice.
18:33 of 1st period - Patrick Kaleta is hit by Brad Richards.
18:41 of 1st period - Snap shot by Jason Pominville.
18:41 of 1st period - Stopped by Cam Ward with a rebound.
18:43 of 1st period - Snap shot by Patrick Kaleta.
18:43 of 1st period - Stopped by Cam Ward without a rebound.
18:44 of 1st period - Nicklas Backstrom wins face-off versus Nick Bonino in Coyotes zone.
18:47 of 1st period - Snap shot by Nicklas Backstrom.
18:47 of 1st period - Goal by Nicklas Backstrom - Coyotes : 0 - Blues : 1.
18:48 of 1st period - Brad Richards wins face-off versus Jason Pominville in neutral zone.
18:54 of 1st period - Off-side.
18:55 of 1st period - Nicklas Backstrom wins face-off versus Brad Richards in neutral zone.
19:20 of 1st period - Wrist shot by Nicklas Backstrom.
19:20 of 1st period - Stopped by Cam Ward with a rebound.
19:32 of 1st period - Snap shot by Zach Parise.
19:32 of 1st period - Shot Blocked by Bryce Lampman.
19:34 of 1st period - Slapshot by Kristopher Letang.
19:34 of 1st period - Stopped by Carey Price without a rebound.
19:35 of 1st period - Nazem Kadri wins face-off versus Travis Zajac in Blues zone.
19:36 of 1st period - Slapshot by Tyler Ennis.
19:36 of 1st period - Shot Misses the Net.
Goals for this period are 0 for Coyotes vs 1 for Blues.
Shots for this period are 11 for Coyotes vs 11 for Blues.
2nd period
0:01 of 2nd period - Nicklas Backstrom wins face-off versus Brad Richards in neutral zone.
0:10 of 2nd period - Kristopher Letang is hit by Nicklas Backstrom and loses puck.
0:17 of 2nd period - Snap shot by Nicklas Backstrom.
0:17 of 2nd period - Goal by Nicklas Backstrom - Coyotes : 0 - Blues : 2.
0:18 of 2nd period - Jason Pominville wins face-off versus Nazem Kadri in neutral zone.
1:10 of 2nd period - Sergei Shirokov is hit by Michael Del Zotto and loses puck.
2:58 of 2nd period - Wrist shot by Chris Stewart.
2:58 of 2nd period - Stopped by Carey Price with a rebound.
3:08 of 2nd period - Snap shot by Linus Omark.
3:08 of 2nd period - Shot Misses the Net.
4:24 of 2nd period - Wrist shot by Brad Richards.
4:24 of 2nd period - Shot Misses the Net.
4:32 of 2nd period - Marian Gaborik is hit by Patrick Kaleta and loses puck.
4:43 of 2nd period - Wrist shot by Nazem Kadri.
4:43 of 2nd period - Shot Misses the Net.
4:45 of 2nd period - Slapshot by Anton Stralman.
4:45 of 2nd period - Shot Hit the Post.
4:47 of 2nd period - Wrist shot by Jarome Iginla.
4:47 of 2nd period - Goal by Jarome Iginla - Coyotes : 1 - Blues : 2.
4:48 of 2nd period - Nicklas Backstrom wins face-off versus Nazem Kadri in neutral zone.
4:51 of 2nd period - Snap shot by Milan Michalek.
4:51 of 2nd period - Deflect By Nicklas Backstrom.
4:51 of 2nd period - Goal by Nicklas Backstrom - Coyotes : 1 - Blues : 3.
4:52 of 2nd period - Nazem Kadri wins face-off versus Nicklas Backstrom in neutral zone.
4:55 of 2nd period - Jason Pominville is hit by Tyler Ennis and loses puck.
5:23 of 2nd period - Wrist shot by Enver Lisin.
5:23 of 2nd period - Stopped by Carey Price without a rebound.
5:24 of 2nd period - Travis Zajac wins face-off versus Nick Bonino in Blues zone.
5:31 of 2nd period - Snap shot by Mark Bell.
5:31 of 2nd period - Shot Blocked by Bryce Lampman.
5:33 of 2nd period - Slapshot by Greg Zanon.
5:33 of 2nd period - Shot Misses the Net.
5:35 of 2nd period - Snap shot by Enver Lisin.
5:35 of 2nd period - Stopped by Carey Price without a rebound.
5:36 of 2nd period - Travis Zajac wins face-off versus Zach Parise in Blues zone.
5:43 of 2nd period - Wrist shot by Derek Boogaard.
5:43 of 2nd period - Stopped by Cam Ward with a rebound.
5:49 of 2nd period - B.J. Crombeen is hit by Brad Richards and loses puck.
6:02 of 2nd period - Nicklas Backstrom is hit by Tyler Ennis and loses puck.
6:29 of 2nd period - Snap shot by Martin Samuelsson.
6:29 of 2nd period - Shot Misses the Net.
6:31 of 2nd period - Slapshot by Martin Samuelsson.
6:31 of 2nd period - Shot Misses the Net.
6:33 of 2nd period - Slapshot by Anton Stralman.
6:33 of 2nd period - Stopped by Carey Price with a rebound.
6:35 of 2nd period - Slapshot by Kristopher Letang.
6:35 of 2nd period - Deflect By Martin Samuelsson.
6:35 of 2nd period - Stopped by Carey Price with a rebound.
7:01 of 2nd period - Josh Gorges is hit by Logan Couture.
7:13 of 2nd period - Marian Gaborik is hit by Derek Boogaard and loses puck.
7:50 of 2nd period - Tomas Plekanec is hit by Nazem Kadri and loses puck.
8:00 of 2nd period - Off-side.
8:01 of 2nd period - Brooks Laich wins face-off versus Logan Couture in neutral zone.
8:04 of 2nd period - Wrist shot by Brooks Laich.
8:04 of 2nd period - Stopped by Carey Price with a rebound.
8:10 of 2nd period - Wrist shot by Martin Samuelsson.
8:10 of 2nd period - Stopped by Carey Price without a rebound.
8:11 of 2nd period - Brad Richards wins face-off versus Nicklas Backstrom in Blues zone.
8:16 of 2nd period - Snap shot by Marian Gaborik.
8:16 of 2nd period - Deflect By Zach Parise.
8:16 of 2nd period - Stopped by Carey Price with a rebound.
8:18 of 2nd period - Snap shot by Greg Zanon.
8:18 of 2nd period - Stopped by Carey Price without a rebound.
8:19 of 2nd period - Brad Richards wins face-off versus Nicklas Backstrom in Blues zone.
8:34 of 2nd period - Snap shot by Nicklas Backstrom.
8:34 of 2nd period - Stopped by Cam Ward with a rebound.
8:38 of 2nd period - Slapshot by Nicklas Backstrom.
8:38 of 2nd period - Stopped by Cam Ward without a rebound.
8:39 of 2nd period - Nazem Kadri wins face-off versus Travis Zajac in Coyotes zone.
8:44 of 2nd period - Wrist shot by Tyler Ennis.
8:44 of 2nd period - Shot Misses the Net.
8:50 of 2nd period - Jarome Iginla is hit by B.J. Crombeen and loses puck.
9:05 of 2nd period - Alex Pietrangelo is hit by Marian Gaborik and loses puck.
9:28 of 2nd period - Wrist shot by Enver Lisin.
9:28 of 2nd period - Shot Misses the Net.
9:30 of 2nd period - Snap shot by Kristopher Letang.
9:30 of 2nd period - Shot Blocked by Patrick Kaleta.
9:48 of 2nd period - Snap shot by Derek Boogaard.
9:48 of 2nd period - Stopped by Cam Ward with a rebound.
9:50 of 2nd period - Wrist shot by Travis Zajac.
9:50 of 2nd period - Stopped by Cam Ward without a rebound.
9:51 of 2nd period - Brooks Laich wins face-off versus Travis Zajac in Coyotes zone.
11:42 of 2nd period - Brad Richards is hit by Nicklas Backstrom and loses puck.
11:51 of 2nd period - Snap shot by Nicklas Backstrom.
11:51 of 2nd period - Shot Misses the Net.
11:53 of 2nd period - Snap shot by Milan Michalek.
11:53 of 2nd period - Stopped by Cam Ward with a rebound.
12:03 of 2nd period - Alex Pietrangelo is hit by Matt Niskanen and loses puck.
12:12 of 2nd period - Linus Omark is hit by Greg Zanon.
12:16 of 2nd period - Matt Niskanen is hit by Sergei Shirokov and loses puck.
12:39 of 2nd period - Backhand shot by Enver Lisin.
12:39 of 2nd period - Stopped by Carey Price with a rebound.
13:17 of 2nd period - Slapshot by Michael Del Zotto.
13:17 of 2nd period - Shot Misses the Net.
13:19 of 2nd period - Slapshot by Michael Del Zotto.
13:19 of 2nd period - Stopped by Carey Price with a rebound.
13:21 of 2nd period - Snap shot by Brad Richards.
13:21 of 2nd period - Shot Misses the Net.
13:23 of 2nd period - Snap shot by Josh Gorges.
13:23 of 2nd period - Stopped by Carey Price with a rebound.
13:25 of 2nd period - Slapshot by Josh Gorges.
13:25 of 2nd period - Shot Misses the Net.
13:35 of 2nd period - Tyler Ennis is hit by Alex Pietrangelo and loses puck.
13:40 of 2nd period - Snap shot by Linus Omark.
13:40 of 2nd period - Stopped by Cam Ward with a rebound.
13:42 of 2nd period - Snap shot by Sergei Shirokov.
13:42 of 2nd period - Stopped by Cam Ward with a rebound.
13:44 of 2nd period - Slapshot by Bryce Lampman.
13:44 of 2nd period - Stopped by Cam Ward with a rebound.
13:46 of 2nd period - Slapshot by Bryce Lampman.
13:46 of 2nd period - Shot Misses the Net.
14:01 of 2nd period - Minor Penalty to Jake Gardiner for Hooking.
14:02 of 2nd period - Travis Zajac wins face-off versus Brad Richards in Blues zone.
14:02 of 2nd period - Travis Zajac is hit by Kristopher Letang.
14:56 of 2nd period - Yann Sauvé is hit by Zach Parise and loses puck.
15:55 of 2nd period - Wrist shot by Logan Couture.
15:55 of 2nd period - Stopped by Cam Ward with a rebound.
16:01 of 2nd period - Penalty to Jake Gardiner is over, Jake Gardiner is back on ice.
16:31 of 2nd period - Tomas Plekanec is hit by Matt Niskanen.
16:45 of 2nd period - Michael Del Zotto is hit by Milan Michalek.
16:54 of 2nd period - Milan Michalek is hit by Chris Stewart and loses puck.
17:11 of 2nd period - Alex Pietrangelo is hit by Enver Lisin and loses puck.
17:42 of 2nd period - Alex Pietrangelo is hit by Nazem Kadri and loses puck.
17:47 of 2nd period - Wrist shot by Nazem Kadri.
17:47 of 2nd period - Stopped by Carey Price with a rebound.
17:57 of 2nd period - Patrick Kaleta is hit by Greg Zanon and loses puck.
18:29 of 2nd period - Snap shot by Derek Boogaard.
18:29 of 2nd period - Shot Misses the Net.
18:41 of 2nd period - Wrist shot by Martin Samuelsson.
18:41 of 2nd period - Shot Hit the Post.
19:41 of 2nd period - Wrist shot by Derek Boogaard.
19:41 of 2nd period - Deflect By Travis Zajac.
19:41 of 2nd period - Shot Misses the Net.
19:41 of 2nd period - Puck is out of play.
19:42 of 2nd period - Nicklas Backstrom wins face-off versus Brad Richards in Coyotes zone.
Goals for this period are 1 for Coyotes vs 2 for Blues.
Shots for this period are 14 for Coyotes vs 12 for Blues.
3rd period
0:01 of 3rd period - Nicklas Backstrom wins face-off versus Brad Richards in neutral zone.
0:04 of 3rd period - Slapshot by Jake Gardiner.
0:04 of 3rd period - Goal by Jake Gardiner - Coyotes : 1 - Blues : 4.
0:05 of 3rd period - Nicklas Backstrom wins face-off versus Brad Richards in neutral zone.
0:12 of 3rd period - Jason Pominville is hit by Marian Gaborik and loses puck.
0:17 of 3rd period - Snap shot by Brad Richards.
0:17 of 3rd period - Shot Misses the Net.
1:43 of 3rd period - Wrist shot by Marian Gaborik.
1:43 of 3rd period - Shot Misses the Net.
1:55 of 3rd period - Matt Niskanen is hit by Travis Zajac and loses puck.
2:27 of 3rd period - Snap shot by Martin Samuelsson.
2:27 of 3rd period - Stopped by Carey Price with a rebound.
2:52 of 3rd period - Wrist shot by Logan Couture.
2:52 of 3rd period - Stopped by Cam Ward without a rebound.
2:53 of 3rd period - Nicklas Backstrom wins face-off versus Nazem Kadri in Coyotes zone.
2:59 of 3rd period - Minor Penalty to Tyler Ennis for Holding.
3:00 of 3rd period - Nicklas Backstrom wins face-off versus Brooks Laich in Coyotes zone.
3:12 of 3rd period - Snap shot by Jason Pominville.
3:12 of 3rd period - Shot Misses the Net.
3:14 of 3rd period - Slapshot by Alex Pietrangelo.
3:14 of 3rd period - Stopped by Cam Ward with a rebound.
3:16 of 3rd period - Backhand shot by Jake Gardiner.
3:16 of 3rd period - Shot Misses the Net.
3:46 of 3rd period - Wrist shot by Zach Parise.
3:46 of 3rd period - Stopped by Carey Price without a rebound.
3:47 of 3rd period - Brad Richards wins face-off versus Nicklas Backstrom in Blues zone.
3:47 of 3rd period - Anton Stralman is hit by Victor Hedman and loses puck.
4:34 of 3rd period - Nicklas Backstrom is hit by Greg Zanon and loses puck.
4:59 of 3rd period - Penalty to Tyler Ennis is over, Tyler Ennis is back on ice.
5:12 of 3rd period - Slapshot by Nick Bonino.
5:12 of 3rd period - Stopped by Carey Price with a rebound.
5:14 of 3rd period - Wrist shot by Enver Lisin.
5:14 of 3rd period - Shot Blocked by Alex Pietrangelo.
5:16 of 3rd period - Snap shot by Nick Bonino.
5:16 of 3rd period - Shot Blocked by Jake Gardiner.
5:32 of 3rd period - Slapshot by Patrick Kaleta.
5:32 of 3rd period - Stopped by Cam Ward without a rebound.
5:33 of 3rd period - Nicklas Backstrom wins face-off versus Tyler Ennis in Coyotes zone.
5:48 of 3rd period - Snap shot by Nazem Kadri.
5:48 of 3rd period - Shot Blocked by Jason Pominville.
5:50 of 3rd period - Wrist shot by Tyler Ennis.
5:50 of 3rd period - Shot Misses the Net.
6:00 of 3rd period - Brad Richards is hit by Travis Zajac and loses puck.
6:47 of 3rd period - Mark Bell is hit by Sergei Shirokov and loses puck.
6:52 of 3rd period - Snap shot by Logan Couture.
6:52 of 3rd period - Stopped by Cam Ward without a rebound.
6:53 of 3rd period - Brad Richards wins face-off versus Nicklas Backstrom in Coyotes zone.
6:53 of 3rd period - Marian Gaborik is hit by Milan Michalek and loses puck.
7:05 of 3rd period - Minor Penalty to Jason Pominville for Kneeing.
7:06 of 3rd period - Patrick Kaleta wins face-off versus Brad Richards in Blues zone.
7:06 of 3rd period - Patrick Kaleta is hit by Zach Parise.
7:36 of 3rd period - Snap shot by Tyler Ennis.
7:36 of 3rd period - Stopped by Carey Price with a rebound.
7:54 of 3rd period - Minor Penalty to Jake Gardiner for Holding.
7:55 of 3rd period - Brad Richards wins face-off versus Travis Zajac in Blues zone.
8:04 of 3rd period - Slapshot by Brad Richards.
8:04 of 3rd period - Deflect By Marian Gaborik.
8:04 of 3rd period - Shot Misses the Net.
8:04 of 3rd period - Puck is out of play.
8:05 of 3rd period - Travis Zajac wins face-off versus Zach Parise in Blues zone.
8:33 of 3rd period - Wrist shot by Zach Parise.
8:33 of 3rd period - Shot Misses the Net.
8:55 of 3rd period - Snap shot by Brad Richards.
8:55 of 3rd period - Shot Misses the Net.
9:05 of 3rd period - Penalty to Jason Pominville is over, Jason Pominville is back on ice.
9:11 of 3rd period - Jason Pominville is hit by Anton Stralman and loses puck.
9:16 of 3rd period - Wrist shot by Brad Richards.
9:16 of 3rd period - Stopped by Carey Price with a rebound.
9:18 of 3rd period - Slapshot by Anton Stralman.
9:18 of 3rd period - Deflect By Travis Zajac.
9:18 of 3rd period - Stopped by Carey Price with a rebound.
9:20 of 3rd period - Snap shot by Anton Stralman.
9:20 of 3rd period - Stopped by Carey Price with a rebound.
9:22 of 3rd period - Slapshot by Kristopher Letang.
9:22 of 3rd period - Shot Blocked by Alex Pietrangelo.
9:24 of 3rd period - Wrist shot by Brad Richards.
9:24 of 3rd period - Goal by Brad Richards - Coyotes : 2 - Blues : 4.
9:25 of 3rd period - Nicklas Backstrom wins face-off versus Nazem Kadri in neutral zone.
10:15 of 3rd period - Snap shot by Nick Bonino.
10:15 of 3rd period - Goal by Nick Bonino - Coyotes : 3 - Blues : 4.
10:16 of 3rd period - Brad Richards wins face-off versus Nicklas Backstrom in neutral zone.
10:46 of 3rd period - Wrist shot by B.J. Crombeen.
10:46 of 3rd period - Shot Blocked by Kristopher Letang.
10:48 of 3rd period - Slapshot by Jake Gardiner.
10:48 of 3rd period - Shot Misses the Net.
10:50 of 3rd period - Snap shot by Jake Gardiner.
10:50 of 3rd period - Shot Blocked by Tyler Ennis.
10:52 of 3rd period - Snap shot by Derek Boogaard.
10:52 of 3rd period - Goal by Derek Boogaard - Coyotes : 3 - Blues : 5.
10:53 of 3rd period - Brad Richards wins face-off versus Milan Michalek in neutral zone.
11:22 of 3rd period - Slapshot by Bryce Lampman.
11:22 of 3rd period - Stopped by Cam Ward without a rebound.
11:23 of 3rd period - Nazem Kadri wins face-off versus Travis Zajac in Coyotes zone.
11:32 of 3rd period - Snap shot by Tyler Ennis.
11:32 of 3rd period - Stopped by Carey Price without a rebound.
11:33 of 3rd period - Jason Pominville wins face-off versus Brad Richards in Blues zone.
11:38 of 3rd period - Slapshot by Zach Parise.
11:38 of 3rd period - Stopped by Carey Price without a rebound.
11:39 of 3rd period - Nicklas Backstrom wins face-off versus Brad Richards in Blues zone.
12:12 of 3rd period - Slapshot by Alex Pietrangelo.
12:12 of 3rd period - Shot Misses the Net.
12:14 of 3rd period - Slapshot by Bryce Lampman.
12:14 of 3rd period - Stopped by Cam Ward without a rebound.
12:15 of 3rd period - Zach Parise wins face-off versus Travis Zajac in Coyotes zone.
12:26 of 3rd period - Snap shot by Derek Boogaard.
12:26 of 3rd period - Shot Blocked by Zach Parise.
12:28 of 3rd period - Snap shot by Derek Boogaard.
12:28 of 3rd period - Shot Blocked by Michael Del Zotto.
12:30 of 3rd period - Snap shot by Victor Hedman.
12:30 of 3rd period - Shot Misses the Net.
12:40 of 3rd period - Nazem Kadri is hit by Victor Hedman and loses puck.
14:13 of 3rd period - Snap shot by Tomas Plekanec.
14:13 of 3rd period - Deflect By Patrick Kaleta.
14:13 of 3rd period - Stopped by Cam Ward with a rebound.
14:40 of 3rd period - Brooks Laich is hit by Nicklas Backstrom and loses puck.
14:54 of 3rd period - Icing by Victor Hedman.
14:55 of 3rd period - Travis Zajac wins face-off versus Nick Bonino in Blues zone.
15:12 of 3rd period - Derek Boogaard is hit by Mark Bell.
15:24 of 3rd period - Wrist shot by Derek Boogaard.
15:24 of 3rd period - Shot Blocked by Michael Del Zotto.
15:27 of 3rd period - Icing by Michael Del Zotto.
15:28 of 3rd period - Nick Bonino wins face-off versus Logan Couture in Coyotes zone.
15:28 of 3rd period - Nick Bonino is hit by Sergei Shirokov.
15:36 of 3rd period - Slapshot by Linus Omark.
15:36 of 3rd period - Shot Misses the Net.
15:46 of 3rd period - Minor Penalty to Linus Omark for Close Hand On Puck.
15:47 of 3rd period - Travis Zajac wins face-off versus Brad Richards in Blues zone.
16:14 of 3rd period - Wrist shot by Tyler Ennis.
16:14 of 3rd period - Stopped by Carey Price with a rebound.
17:07 of 3rd period - Jason Pominville is hit by Nazem Kadri and loses puck.
17:46 of 3rd period - Penalty to Linus Omark is over, Linus Omark is back on ice.
17:51 of 3rd period - Minor Penalty to Linus Omark for High sticking.
17:52 of 3rd period - Travis Zajac wins face-off versus Brad Richards in Blues zone.
18:05 of 3rd period - Anton Stralman is hit by Alex Pietrangelo.
19:29 of 3rd period - Patrick Kaleta is hit by Mark Bell and loses puck.
19:51 of 3rd period - Penalty to Linus Omark is over, Linus Omark is back on ice.
Goals for this period are 2 for Coyotes vs 2 for Blues.
Shots for this period are 12 for Coyotes vs 9 for Blues.
Back to the Top